 Dungeon Crawl Stone Soup version 0.21-a0-633-g4c047d5 (webtiles) character file.

21 Alarkh the Slasher (level 2, 0/21 HPs)
             Began as an Octopode Monk on Dec 28, 2017.
             Slain by a goblin
             ... wielding a +0 club
             ... led by Robin
              (9 damage)
             ... on level 2 of the Dungeon.
             The game lasted 00:00:57 (1004 turns).

Alarkh the Slasher (Octopode Monk)                  Turns: 1004, Time: 00:00:57

Health: 0/21       AC:  1    Str: 10    XL:     2   Next: 87%
Magic:  2/2        EV: 14    Int: 12    God:
Gold:   33         SH:  0    Dex: 14    Spells: 1/1 levels left

rFire    . . .     SeeInvis .   a - +0 falchion
rCold    . . .     Gourm    .   (no shield)
rNeg     . . .     Faith    .   (helmet restricted)
rPois    .         Spirit   .   (no amulet)
rElec    .         Reflect  .   (no ring)
rCorr    .         Harm     .   (no ring)
MR       .....                  (no ring)
Stlth    +++.......             (no ring)
HPRegen  0.07/turn              (no ring)
MPRegen  0.08/turn              (no ring)
                                (no ring)
                                (no ring)

@: no status effects
A: almost no armour, stealthy swim, amphibious, 8 rings, constrict 8, camouflage
1, gelatinous body 1
a: no special abilities


You were on level 2 of the Dungeon.
You were not hungry.

You visited 1 branch of the dungeon, and saw 2 of its levels.

You collected 33 gold pieces.

Inventory:

Hand Weapons
 a - a +0 falchion (weapon)
Scrolls
 d - a scroll of fear {unknown}
 f - a scroll of fog {unknown}
 h - a scroll of identify {unknown}
Potions
 c - 2 potions of curing {unknown}
 e - a potion of invisibility {unknown}
 g - a potion of heal wounds {unknown}
 i - 2 potions of might {unknown}
Comestibles
 b - 2 rations
 j - a chunk of flesh


   Skills:
 + Level 3.1 Fighting
 * Level 3.7 Long Blades
 + Level 3.2 Dodging
 - Level 2.6 Stealth


You had one spell level left.
You didn't know any spells.

Dungeon Overview and Level Annotations

Branches:
Dungeon (2/15)

Altars:

Annotations:
D:2 Robin


Innate Abilities, Weirdness & Mutations

You cannot wear most types of armour.
You are very stealthy in the water. (Stealth+)
You are amphibious.
You can wear up to eight rings at the same time.
You can use your tentacles to constrict eight enemies at once.
Your skin changes colour to match your surroundings (Stealth+).
Your rubbery body absorbs attacks. (AC +1, EV +1)


Message History

A hobgoblin comes into view.
The hobgoblin shouts!
You hear a shout! x3; The hobgoblin shouts!
You hear a shout!
A goblin and Robin come into view.
Robin roars a battlecry!
The goblins go into a battle-frenzy!
A goblin comes into view.
A goblin and a hobgoblin come into view.
Robin throws the goblin at you!
The hobgoblin moves out of view.
The goblin hits you with a club.
A goblin comes into view. It is wielding a dagger.
The goblin shouts!
The hobgoblin shouts!
The goblin shouts!
You hit the goblin. Your grab misses the goblin.
Your squeeze misses the goblin.
The goblin is moderately wounded.
You hear a shout!
The goblin hits you with a club.
A goblin comes into view. It is wielding a dagger.
The goblin hits you with a club!
You die... gg gg

#g ####. #... #g. #.♣ #
##g♣ # ##g@♣# #######
##....♣ ......#
##†#......♣
#####.######.##...♣♣♣.♣
# #.......####.♣# #
########.# #.♣ #.##.♣
#.#.. #...


You could see a hobgoblin and 2 goblins.

Vanquished Creatures
  2 giant cockroaches (D:1)
  2 goblins
  3 hobgoblins
  5 bats
  2 frilled lizards (D:1)
  3 kobolds (D:1)
  4 rats
21 creatures vanquished.

Notes
Turn   | Place    | Note
-------+----------+-------------------------------------------
     0 | D:1      | Alarkh the Octopode Monk began the quest for the Orb.
     0 | D:1      | Reached XP level 1. HP: 16/16 MP: 1/1
   165 | D:1      | Reached XP level 2. HP: 21/21 MP: 2/2
  1001 | D:2      | Noticed Robin
  1004 | D:2      | Slain by a goblin

Vault maps used:
D:1:      ncdulo_wetmaze
D:2:      lemuel_round_altar, minmay_stone_trees_medium, kennysheep_nondescript,
          roderic_roman_lattice, uniq_robin

Action                   || total
-------------------------++-------
Melee: Falchion          ||    33
       Constrict         ||    12
       Tentacles         ||     6
 Stab: Sleeping          ||     9
Armor: Skin              ||     2
Dodge: Dodged            ||    25
       Rpst.: Falchion   ||     6

Table legend:
 A = Spawn XP
 B = Non-spawn XP
 C = Spawn XP percentage of total XP
 D = Spawn monster count
 E = Non-spawn monster count
 F = Spawn count percentage of total count
 G = Total turns spent on level
                    A         B        C        D         E        F      G
               +---------+---------+-------+---------+---------+-------+---------
         Total |       0 |      31 |   0.0 |       0 |      21 |   0.0 |  1004
               +---------+---------+-------+---------+---------+-------+---------
           D:1 |       0 |      25 |   0.0 |       0 |      17 |   0.0 |   845
           D:2 |       0 |       6 |   0.0 |       0 |       4 |   0.0 |   159
               +---------+---------+-------+---------+---------+-------+---------
